Construct Section Command Post
Selects Australian Defense Battlegroup
Selects Australian Light Infantry Section
Australian Light Infantry Section
Australian Light Infantry Section
Construct Platoon Command Post
Unlock Bishop Self-propelled Artillery
Selects CMP 15cwt Supply Run
Selects Reinforced Resource Caches
6-pounder Anti-tank Gun Team
Construct Company Command Post
Australian Light Infantry Section
Selects Charged Creeping Barrage
6-pounder Anti-tank Gun Team
6-pounder Anti-tank Gun Team
6-pounder Anti-tank Gun Team
6-pounder Anti-tank Gun Team